 Dungeon Crawl Stone Soup version 0.25.1-2-g60ff931df9 (webtiles) character file.

Game seed: 12080837404643524457

103 MajorAdolf the Stinger (level 4, 0/38 HPs)
             Began as a Naga Wanderer on Oct 15, 2020.
             Killed by divine providence
             ... invoked by an orc priest
              (12 damage)
             ... on level 3 of the Dungeon.
             The game lasted 00:02:26 (1693 turns).

MajorAdolf the Stinger (Naga Wanderer)              Turns: 1693, Time: 00:02:27

Health: 0/38       AC:  2    Str: 14    XL:     4   Next: 79%
Magic:  5/5        EV:  9    Int: 13    God:
Gold:   138        SH:  0    Dex: 11    Spells: 1/5 levels left

rFire    . . .     SeeInvis +   a - +2 hand crossbow
rCold    . . .     Gourm    .   (no shield)
rNeg     . . .     Faith    .   d - +0 robe
rPois    +         Spirit   .   (no helmet)
rElec    .         Reflect  .   (no cloak)
rCorr    .         Harm     .   (no gloves)
MR       .....                  (no barding)
Stlth    ++........             (no amulet)
HPRegen  0.12/turn              (no ring)
MPRegen  0.09/turn              (no ring)

@: about to teleport, very slow
A: large, see invisible, deformed body, poison resistance, slowness 2, slow
metabolism 1, spit poison 1, AC +1
a: Spit Poison


You were on level 3 of the Dungeon.
You were not hungry.

You visited 1 branch of the dungeon, and saw 3 of its levels.

You collected 138 gold pieces.

Inventory:

Hand Weapons
 a - a +2 hand crossbow (weapon)
Missiles
 b - 6 bolts (quivered)
Armour
 d - a +0 robe (worn)
Jewellery
 g - a +6 ring of dexterity {unknown}
Scrolls
 e - 2 scrolls of teleportation
 i - 2 scrolls of identify {unknown}
 k - 2 scrolls of enchant weapon {unknown}
 l - 3 scrolls of remove curse {unknown}
 m - a scroll of fear {unknown}
 r - 2 scrolls of immolation {unknown}
 s - a scroll of fog {unknown}
 t - a scroll of magic mapping {unknown}
Potions
 c - a potion of flight {unknown}
 j - a potion of might {unknown}
 n - 3 potions of curing {unknown}
 o - a potion of heal wounds {unknown}
 p - a potion of degeneration {unknown}
 q - a potion of ambrosia {unknown}
Comestibles
 f - 8 rations
 h - 3 chunks of flesh


   Skills:
 - Level 1.0 Fighting
 - Level 1.0 Crossbows
 - Level 1.0 Throwing
 - Level 1.0 Armour
 - Level 1.5 Stealth
 + Level 1.2 Spellcasting
   Level 1.0 Translocations
 + Level 3.1 Transmutations
 + Level 5.3 Poison Magic


You had one spell level left.
You knew the following spells:

 Your Spells              Type           Power        Failure   Level  Hunger
a - Sting                 Tmut/Pois      ##..         4%          1    ##.....
b - Spider Form           Tmut/Pois      ##........   14%         3    ####...

Your spell library contained the following spells:

 Spells                   Type           Power        Failure   Level  Hunger


Dungeon Overview and Level Annotations

Branches:
Dungeon (3/15)

Altars:
Gozag
Uskayaw


Innate Abilities, Weirdness & Mutations

You cannot wear boots.
Your serpentine skin is tough. (AC +1)
You have supernaturally acute eyesight. (SInv)
Armour fits poorly on your strangely shaped body.
Your system is resistant to poisons. (rPois)
You cover ground very slowly.
You have a slow metabolism.
You can spit poison.


Message History

You shoot a bolt. The bolt barely misses the orc.
The ball python hisses angrily.
The bolt hits the orc priest!
The orc priest is severely wounded.
The orc priest calls upon Beogh to heal the orc.
The orc's wounds heal themselves!
The orc hits you with a +0 mace!
Press: ? - help, Shift-Dir - straight line, f/p - orc
Aim: an orc, wielding a +0 mace and wearing a +0 scale mail
Okay, then.
Okay, then.
Okay, then.
As you read the scroll labeled ECURCH JU ASCH, it crumbles to dust.
You feel strangely unstable.
It was a scroll of teleportation.
The orc hits you with a +0 short sword. The orc closely misses you.
The orc priest invokes the aid of Beogh against you.
Beogh smites you!
Unknown command.
The orc priest mumbles some strange prayers to Beogh against you.
Beogh smites you!
You die...

.......................
##.#.#####...#.........#..
.(. #.............#.. .(..
####............. .....
#...._........
....(########...........##
..(..(................รท...
......oS....####........##
..(...oor@..# #........#
............# #........#
............# #........#
.%..........# #........#
............# #........#
............# ##########
............# #############


You could see an orc priest, 2 orcs, a ball python and a rat.

Vanquished Creatures
  5 adders
  A worm (D:2)
  A dart slug (D:2)
  3 leopard geckos
  3 orcs (D:3)
  6 giant cockroaches
  3 goblins
  3 hobgoblins (D:2)
  10 bats
  5 frilled lizards
  8 kobolds
  4 rats
52 creatures vanquished.

Notes
Turn   | Place    | Note
-------+----------+-------------------------------------------
     0 | D:1      | MajorAdolf the Naga Wanderer began the quest for the Orb.
     0 | D:1      | MajorAdolf set off with the following items: a +2 hand
                  | crossbow, 20 bolts, a +0 robe, a ration; and the following
                  | spell memorised: Sting; and the following spells available
                  | to memorise: Spider Form
     0 | D:1      | Reached XP level 1. HP: 18/18 MP: 2/2
    60 | D:1      | Reached skill level 1 in Poison Magic
   273 | D:1      | Reached skill level 2 in Poison Magic
   334 | D:1      | Reached XP level 2. HP: 25/25 MP: 3/3
   724 | D:2      | Found a hide-covered altar of Uskayaw.
   726 | D:2      | Reached skill level 3 in Poison Magic
   744 | D:2      | Reached XP level 3. HP: 31/31 MP: 4/4
   778 | D:2      | Reached skill level 4 in Poison Magic
  1117 | D:2      | Reached XP level 4. HP: 38/38 MP: 5/5
  1217 | D:2      | Reached skill level 5 in Poison Magic
  1364 | D:2      | Learned a level 3 spell: Spider Form
  1644 | D:3      | Found an opulent altar of Gozag.
  1693 | D:3      | Killed from afar by an orc priest

Illustrated notes

Levels and vault maps discovered:
D:1:      heliophobic_arrival_henge, layout_loops_ring, minmay_statues_item
D:2:      layout_rooms, eat_drink_and_be_merry_uskayaw, st_stairs_10,
          kennysheep_generic_room_16
D:3:      cheibrodos_helix_gallery, layout_basic, nicolae_gozag_seed_capital

Skill      XL: |  1  2  3  4 |
---------------+-------------+-----
Poison Magic   | 2 3 4 5 |  5.3
Fighting       | |  1.0
Crossbows      | |  1.0
Throwing       | |  1.0
Armour         | |  1.0
Stealth        | |  1.5
Spellcasting   | |  1.2
Translocations | |  1.0
Transmutations | |  3.1

Action                   |  1- 3 |  4- 6 || total
-------------------------+-------+-------++-------
 Fire: Hand crossbow     |    55 |    46 ||   101
 Abil: Spit Poison       |     1 |       ||     1
  Use: Scroll            |       |     1 ||     1
  Eat: Chunk             |       |     2 ||     2
Armor: Robe              |     2 |     6 ||     8
Dodge: Dodged            |     9 |     5 ||    14
